 Dungeon Crawl Stone Soup version 0.23.2-1-ga50397a (webtiles) character file.

Game seed: 7165804116998003104

32 Borgoz the Chopper (level 3, -3/22 HPs)
             Began as a Gargoyle Gladiator on May 14, 2019.
             Killed from afar by Sigmund (6 damage)
             ... with a magic dart
             ... on level 2 of the Dungeon.
             The game lasted 00:01:18 (985 turns).

Borgoz the Chopper (Gargoyle Gladiator)              Turns: 985, Time: 00:01:19

Health: -3/22      AC:  9    Str: 17    XL:     3   Next: 25%
Magic:  3/3        EV: 11    Int:  8    God:
Gold:   69         SH:  0    Dex: 10    Spells: 2/2 levels left

rFire    . . .     SeeInvis .   a - +0 war axe
rCold    . . .     Gourm    .   (no shield)
rNeg     + . .     Faith    .   n - +0 ring mail
rPois    ∞         Spirit   .   c - +0 helmet
rElec    +         Reflect  .   (no cloak)
rCorr    .         Harm     .   (no gloves)
MR       .....                  (no boots)
Stlth    ..........             j - amulet of the acrobat
HPRegen  0.07/turn              l - -2 ring of dexterity (curse)
MPRegen  0.08/turn              (no ring)

@: very slightly contaminated, invisible
A: negative energy resistance 1, electricity resistance, unbreathing,
petrification resistance, rot immunity, AC +3
a: no special abilities


You were on level 2 of the Dungeon.
You were not hungry.

You visited 1 branch of the dungeon, and saw 2 of its levels.

You collected 69 gold pieces.

Inventory:

Hand Weapons
 a - a +0 war axe (weapon)
Missiles
 d - 3 throwing nets (quivered)
Armour
 c - a +0 helmet (worn)
 n - a +0 ring mail (worn)
Jewellery
 j - an amulet of the acrobat (around neck)
 l - a cursed -2 ring of dexterity (left hand)
Scrolls
 e - a scroll of amnesia {unknown}
 h - a scroll of enchant weapon {unknown}
 i - 3 scrolls of fear {unknown}
 k - a scroll of identify {unknown}
Comestibles
 f - 4 rations
 g - 2 chunks of flesh


   Skills:
 + Level 2.7 Fighting
 * Level 3.2 Axes
 - Level 1.7 Throwing
 + Level 1.0 Armour
 + Level 2.6 Dodging


You had 2 spell levels left.
You didn't know any spells.
Your spell library was empty.

Dungeon Overview and Level Annotations

Branches:
Dungeon (2/15)

Altars:
Ru

Annotations:
D:2 Sigmund


Innate Abilities, Weirdness & Mutations

You are resistant to torment.
Your stone body is resilient. (AC +3)
You are immune to poison.
You resist negative energy. (rN+)
You are resistant to electric shocks. (rElec)
You can survive without breathing.
You are immune to petrification.
You are immune to rotting.


Message History

Ouch! That really hurt!
You barely miss Sigmund.
Sigmund is heavily wounded.
Sigmund misses you.
You hit Sigmund.
Sigmund is severely wounded.
Sigmund gestures at you while chanting. The puff of flame misses you.
You closely miss Sigmund.
Sigmund is severely wounded.
Sigmund hits you with a +0 scythe.
* * * LOW HITPOINT WARNING * * *
You hit Sigmund but do no damage.
Sigmund is severely wounded.
Sigmund barely misses you.
You closely miss Sigmund.
Sigmund is severely wounded.
Sigmund casts a spell at you. The magic dart hits you.
You die...

#.# .... #.#
#...........# #.#
.§.........### . #.#
##....?....... .. #.#
#...........##..
..#####.§§...........
.P.≈.P§...........#
.P.§§§§§.§>......##
..≈≈§..§.§......@@#
#.≈§§§§)........#.......
...≈≈§§§........##...##.
...≈.....#####.## ...#
....#.#.## #.# ....
........# ... ###..
.....#..#. ...## .
.....#....# ##.#
...........


You could see Sigmund.

Vanquished Creatures
  An adder zombie (D:2)
  A dart slug (D:1)
  2 bat skeletons (D:2)
  A goblin (D:1)
  5 hobgoblins
  A quokka (D:2)
  4 bats
  2 giant cockroach zombies (D:2)
  2 kobolds
  A leopard gecko zombie (D:2)
  A quokka zombie (D:2)
  6 rats (D:1)
27 creatures vanquished.

Notes
Turn   | Place    | Note
-------+----------+-------------------------------------------
     0 | D:1      | Borgoz the Gargoyle Gladiator began the quest for the Orb.
     0 | D:1      | Reached XP level 1. HP: 12/12 MP: 1/1
   201 | D:1      | Reached XP level 2. HP: 18/18 MP: 2/2
   278 | D:1      | Reached skill level 3 in Axes
   854 | D:2      | Reached skill level 1 in Armour
   854 | D:2      | Reached XP level 3. HP: 21/22 MP: 3/3
   922 | D:2      | Found a sacrificial altar of Ru.
   967 | D:2      | Noticed Sigmund
   985 | D:2      | Killed from afar by Sigmund

Skill      XL: |  1  2 |
---------------+-------+-----
Axes           | 3 |  3.2
Armour         | 1 |  1.0
Fighting       | |  2.7
Throwing       | |  1.7
Dodging        | |  2.6

Action                   || total
-------------------------++-------
Melee: War axe           ||   100
  Use: Potion            ||     2
Armor: Leather armour    ||    24
       Ring mail         ||    34
Dodge: Dodged            ||    93
